 Dungeon Crawl Stone Soup version 0.25-a0-479-g8579842fd4 (webtiles) character file.

Game seed: 17047863931727988510, levelgen mode: deterministic

3812 MrRokkomies the Frost Mage (level 9, -3/61 HPs)
             Began as a Vampire Ice Elementalist on Feb 9, 2020.
             Was an Initiate of Gozag.
             Slain by a manticore (4 damage)
             ... on level 7 of the Dungeon.
             The game lasted 00:27:32 (6127 turns).

MrRokkomies the Frost Mage (VpIE)                   Turns: 6127, Time: 00:27:34

Health: -3/61      AC: 12    Str: 10    XL:     9   Next: 97%
Magic:  3/12       EV: 17    Int: 17    God:    Gozag
Gold:   933        SH:  3    Dex: 15    Spells: 1/12 levels left

rFire    . . .     SeeInvis +   (no weapon)
rCold    . . .     Gourm    .   (no shield)
rNeg     . . .     Faith    .   e - +0 robe
rPois    +         Spirit   .   y - +1 helmet
rElec    .         Reflect  +   i - +0 cloak
rCorr    .         Harm     .   B - +0 pair of gloves
MR       .....                  (no boots)
Stlth    ++++++....             x - +3 amulet of reflection
HPRegen  0.40/turn              j - ring of stealth
MPRegen  0.13/turn              C - ring of poison resistance

@: icy armour, frozen ramparts, regenerating quickly
A: no food, fangs 3, see invisible, unbreathing
a: Exsanguinate, Potion Petition, Call Merchant, Bribe Branch, Renounce Religion


You were on level 7 of the Dungeon.
You worshipped Gozag.
Gozag was pleased with you.
You were alive.

You visited 1 branch of the dungeon, and saw 7 of its levels.
You also visited: Sewer.

You collected 959 gold pieces.
You paid 26 gold pieces to Gozag.

Inventory:

Hand Weapons
 a - a +2 dagger of speed
 b - a +0 hunting sling
 J - a cursed +4 dagger of freezing
Missiles
 f - 213 stones
 t - 25 poisoned darts (quivered)
 A - 4 curare-tipped darts
Armour
 e - a +0 robe (worn)
 i - a +0 cloak (worn)
 y - a +1 helmet (worn)
 B - a +0 pair of gloves (worn)
Jewellery
 j - a ring of stealth (left hand)
 u - an uncursed ring of resist corrosion
 x - a +3 amulet of reflection (around neck)
 C - a ring of poison resistance (right hand)
Wands
 l - a wand of polymorph (15)
 v - a wand of random effects (12)
 E - a wand of paralysis (4)
 F - a wand of enslavement (6)
Scrolls
 d - a scroll of magic mapping
 g - 4 scrolls of teleportation
 m - a scroll of random uselessness {unknown}
 n - a scroll of amnesia
 s - a scroll of fog {unknown}
 z - 3 scrolls of identify
 G - a scroll of immolation
 H - a scroll of remove curse
 I - a scroll of enchant armour {unknown}
Potions
 c - 4 potions of flight
 h - 5 potions of lignification
 k - 2 potions of brilliance
 o - 2 potions of might
 p - 7 potions of curing
 r - 2 potions of agility {unknown}
 w - a potion of magic {unknown}
Comestibles
 D - 2 rations


   Skills:
 + Level 2.0 Fighting
 + Level 7.9 Dodging
 - Level 10.3 Stealth
 - Level 2.0 Spellcasting
 * Level 2.4 Conjurations
 * Level 10.6 Ice Magic


You had one spell level left.
You knew the following spells:

 Your Spells              Type           Power        Failure   Level  Hunger
a - Freeze                Ice            ####         1%          1    N/A
b - Frozen Ramparts       Ice            #####.       1%          3    N/A
c - Ozocubu's Armour      Chrm/Ice       ###.....     7%          3    N/A
d - Hailstorm             Conj/Ice       ###.....     13%         4    N/A

Your spell library contained the following spells:

 Spells                   Type           Power        Failure   Level  Hunger
 Corona                   Hex            #......      19%         1    N/A
 Summon Small Mammal      Summ           #...         19%         1    N/A
 Ensorcelled Hibernation  Hex/Ice        ###...       3%          2    N/A
 Summon Ice Beast         Ice/Summ       ###.....     22%         4    N/A
 Call Imp                 Summ           #.......     28%         2    N/A
 Dazzling Flash           Conj/Hex       #.....       34%         3    N/A
 Call Canine Familiar     Summ           #.......     50%         3    N/A
 Confusing Touch          Hex            #.......     50%         3    N/A
 Summon Guardian Golem    Hex/Summ       #.......     50%         3    N/A
 Tukima's Dance           Hex            #.......     50%         3    N/A
 Summon Lightning Spire   Summ/Air       #.......     88%         4    N/A

Dungeon Overview and Level Annotations

Branches:
Dungeon (7/15)             Temple (0/1) D:5           Sewer (visited)

Altars:
Gozag
Okawaru
Ru
Uskayaw
Vehumet
Xom

Shops:
D:4 ?


Innate Abilities, Weirdness & Mutations

You do not eat.
Your natural rate of healing is unusually fast.
You have razor-sharp teeth.
You have supernaturally acute eyesight. (SInv)
You can survive without breathing.


Message History

Aim: a manticore (moderately wounded, encased in ice)
You freeze the manticore.
The manticore is moderately wounded.
The walls release a blast of icicles at the manticore!
The manticore closely misses you. The manticore completely misses you.
The manticore claws you!
* * * LOW HITPOINT WARNING * * *
Casting: Freeze (safe; 1% risk of failure)
Confirm with . or Enter, or press ? or * to list all spells.
Aiming: Freeze (safe; 1% risk of failure)
Press: ? - help, Shift-Dir - straight line, f/p - manticore
Aim: a manticore (moderately wounded, encased in ice)
You freeze the manticore!
The manticore is heavily wounded.
The walls release a blast of icicles at the manticore!
The manticore bites you!
* * * LOW HITPOINT WARNING * * *
The manticore claws you.
You die...
Your body crumbles into a pile of gold.

....................####
#....[............<....#
#...>..................###
#.............###........#
###.......###..#.........#
#.....)....#......).....#
##..###'###.....###'###..#
...##.##..##...##H.($.##o..
..##...##..##.##@#..##.##..
.##..#..##..###.##..(# .# .
)#.......##..#..#.....# .#
)#.#####..##.#.##))..## #
.[.#......)#.'..#:H.##
.#)##..#####.#.##.(..
.#..##.......#..#}...
.##..##..#..###.# .
..##..##...## #. #.#


You could see a manticore.

Vanquished Creatures
  A two-headed ogre (D:7)
  An unseen horror (D:7)
  A gargoyle (D:7)
  A hippogriff (D:7)
  A vampire (D:6)
  A hungry ghost (D:7)
  An ice beast (D:5)
  A phantom (D:7)
  2 ogres
  A big kobold (Sewer)
  A bullfrog (D:7)
  2 scorpions
  A water moccasin skeleton (D:7)
  A wight (D:7)
  A howler monkey (D:4)
  3 hounds
  2 jellies
  A centaur skeleton (D:7)
  3 crimson imps
  2 orc wizards
  6 orc priests
  3 bullfrog skeletons
  2 iguanas
  4 worker ants
  Natasha (thrice) (D:4)
  A hound zombie (D:7)
  2 hound skeletons (D:7)
  2 worker ant zombies (D:7)
  A howler monkey skeleton (D:4)
  7 adders
  3 gnolls (D:5)
  An ooze (Sewer)
  An adder zombie (D:7)
  An adder skeleton (D:3)
  5 worms
  2 dart slugs
  8 leopard geckos
  22 orcs
  8 ball pythons
  4 bats
  16 giant cockroaches
  4 goblins
  7 hobgoblins
  7 jackals
  2 quokkas
  5 frilled lizards
  20 kobolds
  2 leopard gecko skeletons (D:5)
  A leopard gecko zombie (D:5)
  9 rats
187 creatures vanquished.

Vanquished Creatures (others)
  An orc warrior (D:7)
  An ogre (D:7)
  A centaur skeleton (D:7)
  A hound (D:7)
  An iguana (D:7)
  A worker ant (D:7)
  An orc (D:7)
7 creatures vanquished.

Grand Total: 194 creatures vanquished

Notes
Turn   | Place    | Note
-------+----------+-------------------------------------------
     0 | D:1      | MrRokkomies the Vampire Ice Elementalist began the quest
                  | for the Orb.
     0 | D:1      | Reached XP level 1. HP: 13/13 MP: 3/3
   302 | D:1      | Reached XP level 2. HP: 18/19 MP: 5/5
  1023 | D:2      | Reached XP level 3. HP: 16/24 MP: 6/6
  1739 | D:2      | Learned a level 3 spell: Frozen Ramparts
  1767 | D:3      | Reached XP level 4. HP: 27/30 MP: 3/7
  1843 | D:3      | Reached skill level 5 in Ice Magic
  1883 | D:3      | Found a glowing drain.
  1896 | Sewer    | Entered a sewer
  2014 | Sewer    | Noticed a big kobold
  2041 | Sewer    | Killed a big kobold
  2041 | Sewer    | Reached skill level 5 in Stealth
  2041 | Sewer    | Reached XP level 5. HP: 22/35 MP: 3/8
  2735 | D:3      | Found an opulent altar of Gozag.
  2749 | D:3      | Became a worshipper of Gozag Ym Sagoz the Greedy
  2944 | D:4      | Reached XP level 6. HP: 29/41 MP: 5/9
  3073 | D:4      | Found Varghehel's Magic Scroll Emporium.
  3117 | D:4      | Found an iron altar of Okawaru.
  3197 | D:4      | Found a sacrificial altar of Ru.
  3225 | D:4      | Noticed Natasha
  3239 | D:4      | Killed Natasha
  3435 | D:4      | Noticed Natasha
  3447 | D:4      | Killed Natasha
  3448 | D:4      | Reached XP level 7. HP: 35/46 MP: 6/10
  3460 | D:4      | Noticed Natasha
  3469 | D:4      | Killed Natasha
  3572 | D:5      | Entered Level 5 of the Dungeon
  3724 | D:5      | Found a hide-covered altar of Uskayaw.
  3809 | D:5      | Reached skill level 5 in Dodging
  4234 | D:5      | Found a staircase to the Ecumenical Temple.
  4343 | D:6      | Noticed a vampire
  4357 | D:6      | Killed a vampire
  4371 | D:6      | Reached XP level 8. HP: 36/52 MP: 7/11
  5140 | D:7      | Noticed a gargoyle
  5140 | D:7      | Noticed a manticore
  5140 | D:7      | Noticed a green ugly thing
  5142 | D:7      | Noticed a two-headed ogre
  5149 | D:7      | Killed a gargoyle
  5250 | D:7      | Found a radiant altar of Vehumet.
  5440 | D:7      | Noticed a hippogriff
  5467 | D:7      | Killed a two-headed ogre
  5467 | D:7      | Reached skill level 10 in Stealth
  5467 | D:7      | Reached XP level 9. HP: 22/57 MP: 1/12
  5481 | D:7      | Reached skill level 10 in Ice Magic
  5532 | D:7      | Learned a level 3 spell: Ozocubu's Armour
  5537 | D:7      | Learned a level 4 spell: Hailstorm
  5557 | D:7      | Found a shimmering altar of Xom.
  5664 | D:7      | Noticed an unseen horror
  5708 | D:7      | Killed an unseen horror
  5708 | D:7      | Reached skill level 1 in Fighting
  6127 | D:7      | HP: 1/61 [manticore (15)]
  6127 | D:7      | Slain by a manticore

Levels and vault maps discovered:
D:1:      minmay_arrival_four_circles, layout_loops_corners
D:2:      layout_basic, minmay_octomino_j4
D:3:      layout_rooms, gup_sewer_entry_pipe, minivault_11,
          kennysheep_pointless_box,
          nicolae_gozag_cash_rules_everything_around_me
D:4:      layout_basic, okawaru_gym_becter, first_ration, serial_shops, shop,
          nicolae_ru_sacrificial_ziggurat, uniq_natasha
D:5:      layout_basic, marbit_many_paths, minmay_temple_entry_junction_2
D:6:      layout_cave_pools
D:7:      minmay_the_grid_octo_2x2 [minmay_the_grid_octo_fan_narrow,
          minmay_the_grid_octo_clover_2, minmay_the_grid_octo_77,
          minmay_the_grid_octo_prize_ultimate_mussel_roller], layout_cave_pools,
          fiery_altar_vehumet, xom_confusion_cloud

Skill      XL: |  1  2  3  4  5  6  7  8  9 |
---------------+----------------------------+-----
Stealth        | 4 5 6 7 10 | 10.3
Dodging        | 3 4 5 7 |  7.9
Ice Magic      | 5 6 7 9 10 | 10.6
Fighting       | 2 |  2.0
Conjurations   | 2 |  2.4
Spellcasting   | |  2.0

Action                   |  1- 3 |  4- 6 |  7- 9 || total
-------------------------+-------+-------+-------++-------
Melee: Unarmed           |    48 |     4 |       ||    52
       Bite              |    10 |    25 |    25 ||    60
       Dagger            |    75 |   283 |   275 ||   633
 Fire: Hunting sling     |     4 |    11 |       ||    15
Throw: Stone             |       |     2 |     3 ||     5
       Dart              |       |       |    55 ||    55
 Cast: Freeze            |    22 |    15 |    33 ||    70
       Frozen Ramparts   |     1 |     6 |    23 ||    30
       Ozocubu's Armour  |       |       |     1 ||     1
Evoke: Wand              |       |       |     1 ||     1
  Use: Scroll            |     4 |    10 |       ||    14
       Potion            |       |     1 |     4 ||     5
 Stab: Sleeping          |     8 |    21 |     8 ||    37
       Distracted        |       |       |     1 ||     1
Armor: Robe              |    24 |    54 |    40 ||   118
       Skin              |       |     1 |       ||     1
Dodge: Dodged            |    99 |   185 |   177 ||   461
Block: Other             |       |     6 |    31 ||    37
       Reflection        |       |       |     1 ||     1

Table legend:
 A = Non-vault XP
 B = Vault XP
 C = Vault XP percentage of total XP
 D = Non-vault monster count
 E = Vault monster count
 F = Vault count percentage of total count
                 A         B        C        D         E       F
            +---------+---------+-------+---------+---------+-------
      Total |    2076 |    3371 |  61.9 |     132 |      55 |  29.4
            +---------+---------+-------+---------+---------+-------
        D:1 |      17 |       0 |   0.0 |       9 |       0 |   0.0
        D:2 |      46 |      29 |  38.7 |      17 |       3 |  15.0
        D:3 |     116 |      19 |  14.1 |      35 |       7 |  16.7
        D:4 |     404 |      32 |   7.3 |      21 |       1 |   4.5
        D:5 |     247 |     133 |  35.0 |      15 |       1 |   6.2
        D:6 |     794 |       0 |   0.0 |      21 |       0 |   0.0
        D:7 |     452 |    3013 |  87.0 |      14 |      19 |  57.6
      Sewer |       0 |     145 | 100.0 |       0 |      24 | 100.0
            +---------+---------+-------+---------+---------+-------
